 Dungeon Crawl Stone Soup version 0.28.0-47-ge53b351184 (webtiles) character file.

Game seed: 1918362308509126970

613 Iusername the Slasher (level 7, -1/57 (61) HPs)
             Began as a Minotaur Fighter on Apr 26, 2022.
             Slain by a wight
             ... wielding a +2 trident
              (6 damage)
             ... on level 5 of the Dungeon.
             The game lasted 00:07:58 (4673 turns).

Iusername the Slasher (Minotaur Fighter)            Turns: 4673, Time: 00:07:59

HP:   -1/57 (61)    AC:  7    Str: 23    XL:     7   Next: 20%
MP:   6/6           EV: 10    Int:  5    God:
Gold: 148           SH:  4    Dex:  9    Spells: 6/6 levels left

rFire   . . .      SeeInvis .   a - +0 long sword
rCold   . . .      Faith    .   c - +0 buckler
rNeg    . . .      Spirit   .   b - +0 scale mail
rPois   .          Reflect  .   (helmet restricted)
rElec   .          Harm     .   (no cloak)
rCorr   .          Rampage  .   (no gloves)
Will    .....      Clarity  +   (no boots)
Stlth   ..........              (no amulet)
HPRegen 0.19/turn               (no ring)
MPRegen 0.10/turn               (no ring)

@: drained
A: horns 2, retaliatory headbutt, clarity, subdued magic 1
a: no special abilities


You were on level 5 of the Dungeon.
You visited 1 branch of the dungeon, and saw 5 of its levels.

You collected 148 gold pieces.

Inventory:

Hand Weapons
 a - a +0 long sword (weapon)
 k - a +3 mace
Armour
 b - a +0 scale mail (worn)
 c - a +0 buckler (worn)
Wands
 h - a wand of flame (5) (quivered)
Scrolls
 d - a scroll of magic mapping {unknown}
 f - 2 scrolls of fear {unknown}
 i - a scroll of fog {unknown}
 j - a scroll of noise {unknown}
 l - a scroll of teleportation {unknown}
 n - 2 scrolls of torment
 p - 2 scrolls of immolation
Potions
 e - a potion of haste
 g - 3 potions of curing
 o - a potion of magic {unknown}


   Skills:
 + Level 5.0 Fighting
 + Level 6.7 Long Blades
 + Level 5.7 Armour
 + Level 1.9 Dodging
 + Level 0.6 Stealth
 + Level 4.5 Shields


You had 6 spell levels left.
You didn't know any spells.
Your spell library contained the following spells:

 Spells                   Type           Power      Damage    Failure   Level
 Slow                     Hex            0%         N/A       83%         1
 Confusing Touch          Hex            0%         N/A       99%         3
 Vampiric Draining        Necr           0%         2d6       99%         3


Dungeon Overview and Level Annotations

Branches:
Dungeon (5/15)
 Temple: D:4-7

Altars:
Elyvilon
Makhleb
Okawaru
Uskayaw

Shops:
D:1 :   D:2 [


Innate Abilities, Weirdness & Mutations

You have a pair of horns on your head.
You reflexively headbutt those who attack you in melee.
You possess an exceptional clarity of mind.
Your spells are a little easier to cast, but a little less powerful.


Message History

You slash the wight!
You destroy the wight!
A wight comes into view. It is wielding a +0 flail.
You see here a +0 robe.
The wight hits you with a +0 flail!
You hit the wight. You headbutt the wight!
The wight is almost destroyed.
The wight barely misses you.
You closely miss the wight. Your headbutt misses the wight.
The wight is almost destroyed.
The wight misses you. x2
You barely miss the wight.
The wight is almost destroyed.
The wight hits you with a +0 flail.
You hit the wight.
You destroy the wight!
A wight and a hound come into view.
The hound barks!
The hound moves out of view.
Things that are here:
a +0 flail; a +0 robe The wight hits you from afar with a +2 trident!
* * * LOW HITPOINT WARNING * * *
You feel drained.
* * * LOW HITPOINT WARNING * * *
You feel better.
The wight hits you from afar with a +2 trident.
* * * LOW HITPOINT WARNING * * *
You feel drained. You block the wight's attack.
You barely miss the wight. Your headbutt misses the wight.
The wight hits you with a +2 trident!
* * * LOW HITPOINT WARNING * * *
You hit the wight.
The wight is lightly damaged.
The wight barely misses you.
You hit the wight.
The wight is moderately damaged.
The wight hits you with a +2 trident.
You die...

#.# ##### #.#
...### #.# .h..#
#.# #z#.# #.#
#.##@#)####.#
#....).[....## #
#..#.#.###...## #
#..#.#.##.....# #
#.
#.#$###....#######
.. ....#
##.......... ..
##### #.....<#####
.## #......# #
#......# #


You could see a hound and a wight.

Vanquished Creatures
  A necrophage (D:4)
  An ogre (D:5)
  3 wights (D:5)
  A hound (D:5)
  A bullfrog skeleton (D:5)
  Jessica (D:3)
  3 iguanas
  An orc wizard (D:3)
  4 adders
  An ufetubus (D:4)
  An adder skeleton (D:4)
  A worm (D:4)
  8 orcs
  9 ball pythons
  3 bats (D:1)
  7 endoplasms
  2 giant cockroaches (D:1)
  8 goblins
  7 hobgoblins
  2 quokkas
  6 frilled lizards
  7 kobolds
  6 rats
84 creatures vanquished.

Vanquished Creatures (others)
  A quokka (D:4)
  4 plants (D:4)
  8 toadstools (D:5)
13 creatures vanquished.

Grand Total: 97 creatures vanquished

Notes
Turn   | Place    | Note
-------+----------+-------------------------------------------
     0 | D:1      | Iusername the Minotaur Fighter began the quest for the Orb.
     0 | D:1      | Reached XP level 1. HP: 19/19 MP: 0/0
   262 | D:1      | Reached XP level 2. HP: 27/27 MP: 1/1
   582 | D:1      | Reached XP level 3. HP: 33/33 MP: 2/2
   625 | D:1      | Found Wuerr's Book Emporium.
  1029 | D:2      | Found Guunaap's Armour Shoppe.
  1060 | D:2      | Found a faded altar of an unknown god.
  1074 | D:2      | Reached skill level 3 in Long Blades
  1379 | D:2      | Found a hide-covered altar of Uskayaw.
  1952 | D:3      | Reached XP level 4. HP: 40/40 MP: 3/3
  1958 | D:3      | Reached skill level 4 in Long Blades
  2087 | D:3      | Noticed Jessica
  2096 | D:3      | Killed Jessica
  2097 | D:3      | Reached skill level 1 in Dodging
  2263 | D:3      | Reached XP level 5. HP: 47/47 MP: 4/4
  2494 | D:4      | Found a white marble altar of Elyvilon.
  2995 | D:4      | Noticed a necrophage
  3009 | D:4      | Killed a necrophage
  3010 | D:4      | Reached skill level 5 in Long Blades
  3010 | D:4      | Reached skill level 5 in Armour
  3010 | D:4      | Reached XP level 6. HP: 12/53 MP: 5/5
  3451 | D:4      | Gained mutation: Your spells are a little easier to cast,
                  | but a little less powerful. [potion of mutation]
  3451 | D:4      | Gained mutation: You possess an exceptional clarity of
                  | mind. [potion of mutation]
  3622 | D:4      | Found an iron altar of Okawaru.
  3753 | D:4      | Found a burning altar of Makhleb.
  4078 | D:5      | Entered Level 5 of the Dungeon
  4201 | D:5      | Reached skill level 5 in Fighting
  4220 | D:5      | Reached skill level 6 in Long Blades
  4656 | D:5      | Reached XP level 7. HP: 52/61 MP: 6/6
  4673 | D:5      | Slain by a wight

Illustrated notes

Levels and vault maps discovered:
D:1:      amcnicky_arrival_gap_in_the_tavern_cellar, layout_loops_ring,
          serial_shops, shop, minmay_misc_feat_five
D:2:      layout_loops_ring, serial_shops, shop, basic_altar,
          chequers_ecumenical_altar_island, grunt_ministairs_2
D:3:      layout_rooms, kennysheep_jessica_study
D:4:      layout_basic, lightli_temple_of_fire, elyvilon_altar_4,
          kennysheep_okawaru_gauntlet, serial_forest, infiniplex_forest_end_2,
          infiniplex_forest_clump_tiny, infiniplex_forest_clump_tiny,
          infiniplex_forest_clump_medium, infiniplex_forest_corner_1,
          infiniplex_forest_straight_4, infiniplex_forest_clump_diagonal,
          infiniplex_forest_lined_ring, infiniplex_forest_join
D:5:      cheibrodos_fertilizer, layout_loops_corners,
          mainiacjoe_overflow_cross_hatched, minmay_temple_entry_overgrown,
          uniq_duvessa

Skill      XL: |  1  2  3  4  5  6 |
---------------+-------------------+-----
Armour         | 4 5 |  5.7
Shields        | 4 |  4.5
Fighting       | 4 5 |  5.0
Long Blades    | 3 4 5 6 |  6.7
Dodging        | 1 |  1.9
Stealth        | |  0.6

Action                   |  1- 3 |  4- 6 |  7- 9 || total
-------------------------+-------+-------+-------++-------
Melee: Long sword        |    78 |   111 |     9 ||   198
       Headbutt          |     9 |    16 |     1 ||    26
  Use: Scroll            |       |     5 |       ||     5
       Potion            |       |     4 |     1 ||     5
Armor: Scale mail        |    33 |    53 |       ||    86
Dodge: Dodged            |    31 |    55 |     4 ||    90
Block: Buckler           |    20 |    26 |     1 ||    47
